 Dungeon Crawl Stone Soup version 0.29-a0-414-g5075937ec3 (webtiles) character file.

Game seed: 12959035102730731321

2600 jlumianski the Cleaver (level 9, 0/68 HPs)
             Began as a Demonspawn Fighter on May 15, 2022.
             Was a Follower of Qazlal.
             Slain by a vampire (9 damage)
             ... on level 7 of the Dungeon.
             The game lasted 00:27:52 (7171 turns).

jlumianski the Cleaver (Demonspawn Fighter)         Turns: 7171, Time: 00:27:53

Health: 0/68       AC: 14    Str: 23    XL:     9   Next: 33%
Magic:  9/9        EV:  9    Int: 11    God:    Qazlal [*.....]
Gold:   728        SH:  2    Dex: 12    Spells: 8/8 levels left

rFire   . . .      SeeInvis .   H - +10 battleaxe of Zin's Favour {flame, Will+ Str+3}
rCold   . . .      Faith    .   (shield currently unavailable)
rNeg    . . .      Spirit   .   g - +0 chain mail
rPois   .          Reflect  .   (no helmet)
rElec   .          Harm     .   f - +0 cloak
rCorr   .          Rampage  .   (no gloves)
Will    +....                   (no boots)
Stlth   ..........              (no amulet)
HPRegen 0.21/turn               (no ring)
MPRegen 0.11/turn               (no ring)

@: no status effects
A: icy blue scales 2, spiny 3, weakness stinger 2
a: Renounce Religion


You were on level 7 of the Dungeon.
You worshipped Qazlal.
Qazlal was aware of your devotion.
You visited 2 branches of the dungeon, and saw 8 of its levels.
You also visited: Sewer and Bailey.

You collected 728 gold pieces.

Inventory:

Hand Weapons
 a - a +1 vorpal war axe
 s - the +4 hand axe of Kismet {antimagic, rC+ rN+ Str+9 Int-5}
   (You found it on level 5 of the Dungeon)

   It reduces the magical energy of the wielder, and disrupts the spells and
   magical abilities of those it strikes.
   Natural abilities and divine invocations are not affected.
   Str:       It affects your strength (+9).
   Int:       It affects your intelligence (-5).
   rC:        It protects you from cold.
   rN:        It protects you from negative energy.
 x - a +2 whip of electrocution
 D - the +2 rapier of Infection {freeze, rPois}
   (You found it on level 6 of the Dungeon)

   It freezes those it strikes, dealing additional cold damage.
   It can also slow down cold-blooded creatures.
   rPois:     It protects you from poison.
 F - a +1 whip of venom
 H - the +10 battleaxe of Zin's Favour (weapon) {flame, Will+ Str+3}
   (You took it off a gnoll in a bailey)

   It burns those it strikes, dealing additional fire damage.
   Big, fiery blades are also staple armaments of hydra-hunters.
   Str:       It affects your strength (+3).
   Will:      It increases your willpower.
Missiles
 e - 220 stones
 q - 29 boomerangs (quivered)
 v - 5 boomerangs of dispersal
 w - 27 poisoned darts
Armour
 b - a +0 scale mail
 c - a +0 buckler
 f - a +0 cloak (worn)
 g - a +0 chain mail (worn)
Wands
 o - a wand of iceblast (10)
 y - a wand of charming (9)
Scrolls
 k - 7 scrolls of teleportation
 r - 4 scrolls of amnesia
 t - 4 scrolls of poison
 u - 3 scrolls of identify
 E - a scroll of vulnerability
 G - a scroll of enchant armour
 I - a scroll of enchant weapon
Potions
 d - a potion of magic
 h - 3 potions of lignification
 i - a potion of resistance
 j - 3 potions of haste
 l - 6 potions of curing
 m - 3 potions of attraction
 n - a potion of invisibility
 p - a potion of ambrosia
 z - a potion of cancellation
 A - a potion of heal wounds
 B - 7 potions of flight
 C - a potion of brilliance


   Skills:
 + Level 5.4 Fighting
 + Level 8.2 Axes
 + Level 0.1 Throwing
 + Level 6.5 Armour
 + Level 2.0 Dodging
 + Level 1.4 Stealth
 + Level 4.2 Shields


You had 8 spell levels left.
You didn't know any spells.
Your spell library contained the following spells:

 Spells                   Type           Power      Damage    Failure   Level
 Sandblast                Erth           0%         2d4       94%         1
 Passwall                 Tmut/Erth      0%         N/A       98%         2
 Dazzling Flash           Conj/Hex       0%         N/A       100%        3
 Stone Arrow              Conj/Erth      0%         3d7       100%        3
 Agony                    Necr           0%         N/A       100%        5
 Silence                  Hex/Air        0%         N/A       100%        5


Dungeon Overview and Level Annotations

Branches:
Dungeon (7/15)             Temple (1/1) D:5           Sewer (visited)
 Bailey (visited)

Altars:
Ashenzari
Dithmenos
Fedhas
Gozag
Hepliaklqana
Kikubaaqudgha
Makhleb
Nemelex Xobeh
Okawaru
Qazlal
Ru
Uskayaw
Vehumet
Wu Jian
Xom
Yredelemnul
Zin
The Shining One


Innate Abilities, Weirdness & Mutations

You are mostly covered in icy blue scales. (AC +3)
You are completely covered in sharp spines.
You have a tail ending in a sharp stinger.


Message History

You bump into the rock wall.
The vampire is struck by your spines.
The vampire hits you but does no damage.
The vampire bites you.
The vampire draws strength from your injuries!
You feel less confused. The vampire barely misses you. The vampire bites you.
The vampire draws strength from your injuries!
You slash the vampire! You burn the vampire.
The vampire is almost destroyed.
The vampire draws life force from you!
The vampire is healed by the life force!
You barely miss the vampire.
The vampire is heavily damaged.
The vampire hits you but does no damage.
The vampire bites you!
The vampire draws strength from your injuries!
You hit the vampire. You burn the vampire.
The vampire is severely damaged.
The vampire draws life force from you.
* * * LOW HITPOINT WARNING * * *
The vampire is healed by the life force!
You hit the vampire but do no damage.
The vampire is heavily damaged.
The vampire hits you but does no damage.
The vampire closely misses you.
The vampire hits you but does no damage.
You block the vampire's attack.
You feel much better. The vampire draws life force from you!
The vampire is healed by the life force!
You closely miss the vampire.
The vampire is moderately damaged.
The vampire is struck by your spines. The vampire hits you.
* * * LOW HITPOINT WARNING * * *
The vampire bites you!
* * * LOW HITPOINT WARNING * * *
The vampire draws strength from your injuries!
You hit the vampire. You burn the vampire.
The vampire is moderately damaged.
The vampire hits you!
You die...

#.# ##.# .... #..#
#..# #..# # #..# #
#V.# #.# # #@.# #.##
# #..# #..### #
#..###### #....# #
#.......###....###
###.........+....+..
...........###....###
...##..............#
.......####.####....#
....##.# #.# #....##


You could see a vampire.

Vanquished Creatures
  Grinder (Sewer)
  A steam dragon (D:7)
  A water moccasin (D:6)
  4 orc warriors (Bailey)
  An ice beast (D:6)
  2 sky beasts (D:6)
  2 ogres
  2 centaurs
  A kobold brigand (Sewer)
  A necrophage (D:6)
  A bullfrog (D:6)
  3 scorpions (D:6)
  2 hounds
  2 quasits (Sewer)
  5 orc priests
  2 gnoll shamans (D:5)
  3 orc wizards (D:6)
  3 iguanas
  6 adders
  12 gnolls
  A river rat (D:3)
  5 shadow imps
  2 white imps
  5 ufetubi (Sewer)
  An adder zombie (Sewer)
  2 worms (D:3)
  A dart slug (D:2)
  18 orcs
  10 ball pythons
  8 bats
  6 endoplasms
  4 giant cockroaches
  17 goblins
  7 hobgoblins
  39 kobolds
  4 quokkas
  6 frilled lizards
  A giant cockroach zombie (Sewer)
  8 rats
200 creatures vanquished.

Vanquished Creatures (others)
  An endoplasm (Sewer)
  A kobold zombie (Sewer)
2 creatures vanquished.

Grand Total: 202 creatures vanquished

Notes
Turn   | Place    | Note
-------+----------+-------------------------------------------
     0 | D:1      | jlumianski the Demonspawn Fighter began the quest for the
                  | Orb.
     0 | D:1      | Reached XP level 1. HP: 18/18 MP: 1/1
   300 | D:1      | Gained mutation: You are partially covered in sharp spines.
                  | [demonic ancestry]
   300 | D:1      | Reached XP level 2. HP: 24/24 MP: 2/2
   304 | D:1      | Found a faded altar of an unknown god.
   481 | D:1      | Reached skill level 2 in Axes
   866 | D:1      | Gained mutation: You are partially covered in icy blue
                  | scales. (AC +2) [demonic ancestry]
   866 | D:1      | Reached XP level 3. HP: 23/29 MP: 3/3
  1229 | D:2      | Gained mutation: You are mostly covered in sharp spines.
                  | [demonic ancestry]
  1229 | D:2      | Reached XP level 4. HP: 10/35 MP: 4/4
  1817 | D:3      | Found a sacrificial altar of Ru.
  1913 | D:3      | Reached skill level 3 in Axes
  1913 | D:3      | Gained mutation: You are completely covered in sharp
                  | spines. [demonic ancestry]
  1913 | D:3      | Reached XP level 5. HP: 42/42 MP: 5/5
  2102 | D:3      | Found a hide-covered altar of Uskayaw.
  2184 | D:3      | Found a faded altar of an unknown god.
  2199 | D:3      | Found an ornate altar of the Wu Jian Council.
  2223 | D:3      | Found a glowing drain.
  2239 | Sewer    | Entered a sewer
  2447 | Sewer    | Noticed Grinder
  2451 | Sewer    | Reached XP level 6. HP: 13/48 MP: 6/6
  2511 | Sewer    | Paralysed by Grinder for 2 turns
  2515 | Sewer    | Killed Grinder
  2516 | Sewer    | Reached skill level 4 in Axes
  2516 | Sewer    | Reached skill level 1 in Dodging
  2532 | Sewer    | Found a burning altar of Makhleb.
  2591 | Sewer    | Gained mutation: You are mostly covered in icy blue scales.
                  | (AC +3) [demonic ancestry]
  2591 | Sewer    | Reached XP level 7. HP: 46/54 MP: 7/7
  2803 | D:3      | Found a sparkling altar of Nemelex Xobeh.
  2852 | D:3      | Found a shimmering altar of Xom.
  3338 | D:4      | Found an iron altar of Okawaru.
  3654 | D:5      | Entered Level 5 of the Dungeon
  3705 | D:5      | Reached skill level 1 in Stealth
  3708 | D:5      | Reached skill level 5 in Axes
  3979 | D:5      | Identified the +4 hand axe of Kismet {antimagic, rC+ rN+
                  | Str+9 Int-5}
  4461 | D:5      | Found a staircase to the Ecumenical Temple.
  4469 | Temple   | Entered the Ecumenical Temple
  4654 | Temple   | Became a worshipper of Qazlal Stormbringer
  4904 | D:6      | Reached skill level 6 in Axes
  4904 | D:6      | Reached skill level 5 in Armour
  4904 | D:6      | Gained mutation: You have a small tail. [demonic ancestry]
  4904 | D:6      | Reached XP level 8. HP: 33/61 MP: 2/8
  5267 | D:6      | Found a hazy altar of Hepliaklqana.
  5312 | D:6      | Identified the +2 rapier of Infection {freeze, rPois}
  5347 | D:6      | Reached skill level 5 in Fighting
  5805 | D:6      | Reached skill level 7 in Axes
  6006 | D:6      | Gained mutation: You have a tail ending in a sharp stinger.
                  | [demonic ancestry]
  6006 | D:6      | Reached XP level 9. HP: 52/68 MP: 3/9
  6161 | D:6      | Found an ancient bone altar of Kikubaaqudgha.
  6578 | D:7      | Found a flagged portal.
  6596 | Bailey   | Entered a bailey
  6668 | Bailey   | Reached * piety under Qazlal
  6782 | Bailey   | Identified the +10 battleaxe of Zin's Favour {flame, Will+
                  | Str+3}
  6855 | Bailey   | Reached skill level 8 in Axes
  7171 | D:7      | Slain by a vampire

Illustrated notes

Levels and vault maps discovered:
D:1:      dpeg_arrival_arbitrary_a, layout_basic,
          ebering_ecumenical_altar_ruins, minmay_rat_gold_closets
D:2:      layout_rooms
D:3:      layout_rooms, nicolae_ru_sacrificial_ziggurat,
          nemelex_spade_bored_becter, tgw_xom,
          nicolae_overflow_ecumenical_swirl, lemuel_tele_altar,
          portal_sewer_entry_b
D:4:      layout_cave_pools, okawaru_gym_becter, overflow_temple_1_default,
          grunt_tough_drop
D:5:      minmay_inner_zag, layout_loops_ring, minmay_temple_entry_hall
D:6:      layout_basic, mainiacjoe_overflow_catwalk, kiku_gazebo_pond_becter,
          minmay_misc_feat_columns, minmay_tree_intersection,
          kennysheep_generic_room_12
D:7:      layout_basic, enter_bailey_6, chequers_serial_rivers_marsh
Temple:   minmay_temple_curvy_loop

Skill      XL: |  1  2  3  4  5  6  7  8  9 |
---------------+----------------------------+-----
Axes           | 2 3 4 6 7 8 |  8.2
Shields        | 3 4 |  4.2
Armour         | 3 4 5 6 |  6.5
Fighting       | 4 5 |  5.4
Dodging        | 1 2 |  2.0
Stealth        | 1 |  1.4
Throwing       | |  0.1

Action                   |  1- 3 |  4- 6 |  7- 9 || total
-------------------------+-------+-------+-------++-------
Melee: War axe           |    73 |    87 |    39 ||   199
       Hand axe          |       |       |    99 ||    99
       Tailslap          |       |       |    14 ||    14
       Battleaxe         |       |       |    24 ||    24
Throw: Boomerang         |       |       |     2 ||     2
  Use: Potion            |     1 |     5 |     3 ||     9
       Scroll            |     2 |       |    13 ||    15
Armor: Scale mail        |     6 |       |       ||     6
       Chain mail        |    34 |    78 |    90 ||   202
Dodge: Dodged            |    29 |    24 |    58 ||   111
Block: Buckler           |    23 |    34 |    40 ||    97
       Other             |       |       |     3 ||     3

Table legend: (Time is in decaauts)
 A = Elapsed time spent in this place.
 B = Non-inter-level travel time spent in this place.
 C = Inter-level travel time spent in this place.
 D = Time resting spent in this place.
 E = Time spent auto-exploring this place.
 F = Levels seen in this place.
 G = Mean time per level.
                   A        B        C        D        E       F      G
               +--------+--------+--------+--------+--------+-----+--------+
         Total |   7263 |   7150 |    113 |    104 |   4430 |  10 |  726.3 |
       Dungeon |   6090 |   5977 |    113 |    100 |   4139 |   7 |  870.0 |
        Temple |    235 |    235 |      0 |      0 |      0 |   1 |  235.0 |
         Sewer |    480 |    480 |      0 |      4 |    165 |   1 |  480.0 |
        Bailey |    457 |    457 |      0 |      0 |    125 |   1 |  457.0 |
               +--------+--------+--------+--------+--------+-----+--------+

Top non-repeatable levels by time:
     D:6: 1667 daAuts
     D:1: 1155 daAuts
     D:5: 1014 daAuts
     D:3: 737 daAuts
     D:4: 678 daAuts
     D:2: 673 daAuts
   Sewer: 480 daAuts
  Bailey: 457 daAuts
  Temple: 235 daAuts
     D:7: 164 daAuts
